 Dungeon Crawl Stone Soup version 0.29-a0-834-g1e95ca9f62 (webtiles) character file.

Game seed: 13287008334448866039

54 bande the Covered (level 3, -3/24 HPs)
             Began as a Gargoyle Fighter on July 13, 2022.
             Slain by an ice beast (10 damage)
             ... on level 3 of the Dungeon.
             The game lasted 00:02:26 (2277 turns).

bande the Covered (Gargoyle Fighter)                Turns: 2277, Time: 00:02:26

Health: -3/24      AC: 10    Str: 19    XL:     3   Next: 91%
Magic:  3/3        EV:  9    Int: 14    God:
Gold:   126        SH:  4    Dex: 11    Spells: 2/2 levels left

rFire   . . .      SeeInvis .   a - +0 war axe
rCold   . . .      Faith    .   c - +0 buckler
rNeg    + + .      Spirit   .   b - +0 scale mail
rPois   ∞          Reflect  .   (no helmet)
rElec   +          Harm     .   (no cloak)
rCorr   .          Rampage  .   (no gloves)
Will    .....                   (no boots)
Stlth   ..........              (no amulet)
HPRegen 0.08/turn               l - +6 ring of intelligence
MPRegen 0.08/turn               r - ring of positive energy

@: no status effects
A: sickness immunity, AC +3, negative energy resistance 1, electricity
resistance, torment resistance 1, petrification resistance
a: no special abilities


You were on level 3 of the Dungeon.
You visited 1 branch of the dungeon, and saw 3 of its levels.

You collected 126 gold pieces.

Inventory:

Hand Weapons
 a - a +0 war axe (weapon)
Missiles
 s - 2 throwing nets (quivered)
Armour
 b - a +0 scale mail (worn)
 c - a +0 buckler (worn)
Jewellery
 l - a +6 ring of intelligence (left hand)
 r - a ring of positive energy (right hand)
Scrolls
 f - 2 scrolls of poison {unknown}
 g - 4 scrolls of noise {unknown}
 i - a scroll of immolation {unknown}
 j - a scroll of magic mapping {unknown}
 k - 2 scrolls of blinking {unknown}
 n - 2 scrolls of identify {unknown}
 q - a scroll of teleportation {unknown}
Potions
 d - a potion of might
 e - a potion of cancellation {unknown}
 h - a potion of invisibility {unknown}
 m - a potion of brilliance {unknown}
 o - a potion of attraction {unknown}
 p - a potion of heal wounds {unknown}


   Skills:
 + Level 3.7 Fighting
 + Level 2.7 Axes
 + Level 3.8 Armour
 + Level 3.5 Shields


You had 2 spell levels left.
You didn't know any spells.
Your spell library contained the following spells:

 Spells                   Type           Power      Damage    Failure   Level
 Apportation              Tloc           0%         N/A       73%         1
 Necrotise                Necr           0%         1d4       73%         1
 Summon Small Mammal      Summ           0%         N/A       73%         1


Dungeon Overview and Level Annotations

Branches:
Dungeon (3/15)

Altars:

Shops:
D:1 ?   D:2 (


Innate Abilities, Weirdness & Mutations

You are immune to sickness and miasma.
Your stone body is resilient. (AC +3)
You are immune to poison.
You resist negative energy. (rN+)
You are resistant to electric shocks. (rElec)
You are resistant to unholy torment.
You are immune to petrification.


Message History

No target in view!
No target in view!
No target in view!
You now have 126 gold pieces (gained 7).
An orc and an ice beast come into view.
The orc shouts!
The orc moves out of view.
The ice beast moves out of view.
An orc wizard comes into view. It is wielding a +0 dagger.
An orc wizard is nearby!
A rat comes into view.
The orc wizard shouts!
An orc comes into view. It is wielding a +0 flail.
Found a stone staircase leading up.
An orc wizard comes into view. It is wielding a +0 dagger.
You closely miss the ice beast.
The orc wizard shouts!
You hear a shout!
The orc wizard casts a spell.
The orc wizard flickers and vanishes!
Deactivating autopickup; reactivate with Ctrl-A.
The ice beast completely misses you.
The orc wizard points at you and mumbles some strange words.
The magic dart hits you.
You hear a shout!
The ice beast attacks as you move away!
The ice beast hits you but does no damage.
A kobold comes into view.
It is wielding a +0 dagger and quivering poisoned darts.
The kobold shouts!
The orc wizard gestures at you while chanting.
The puff of flame hits you!
An orc comes into view. It is wielding a +0 dagger.
The orc shouts!
The orc throws a boomerang.
The boomerang hits you but does no damage.
The ice beast attacks as you move away!
The ice beast hits you but does no damage.
The orc throws a boomerang.
The boomerang barely misses you. The ice beast attacks as you move away!
The ice beast hits you.
* * * LOW HITPOINT WARNING * * *
The ice beast freezes you!
You die...

#.# #.#..... .#..
#.#.... . ... #..... ..
...###.##.#.# ####..
.o..........#####......
#o.........'.....
.o###......#####.....
<..rK...Y.........#
..####o.@.........#
#............#
#............#
#............#####
#..).)..####.....# #
#.#.....# #.....#
#.#.#.>...# #.....# #
#.#^#.#...# #.....#
#.#.........# #.....#


You could see an ice beast, an orc wizard, 2 orcs, a kobold and a rat.

Vanquished Creatures
  An adder (D:3)
  A worm (D:2)
  4 ball pythons (D:1)
  5 bats (D:1)
  5 endoplasms
  A giant cockroach (D:1)
  5 goblins
  2 hobgoblins (D:2)
  2 jackals (D:1)
  2 quokkas (D:2)
  2 frilled lizards (D:1)
  5 kobolds
  5 rats
40 creatures vanquished.

Notes
Turn   | Place    | Note
-------+----------+-------------------------------------------
     0 | D:1      | bande the Gargoyle Fighter began the quest for the Orb.
     0 | D:1      | Reached XP level 1. HP: 14/14 MP: 1/1
   166 | D:1      | Reached XP level 2. HP: 14/19 MP: 2/2
   365 | D:1      | Found Axzutiuc's Magic Scroll Boutique.
   726 | D:1      | Reached XP level 3. HP: 23/23 MP: 3/3
  1216 | D:2      | Found a faded altar of an unknown god.
  1605 | D:2      | Found Hole's Antique Weapon Boutique.
  2269 | D:3      | Noticed an ice beast
  2277 | D:3      | Slain by an ice beast

Illustrated notes

Levels and vault maps discovered:
D:1:      dpeg_arrival_oval, layout_loops_ring, serial_shops, shop_scrolls,
          grunt_decor_fettered
D:2:      layout_loops_corners, serial_shops, nicolae_shop_crystal,
          shapermc_ecumenical_altar_pompeii, minmay_misc_feat_tiny
D:3:      layout_basic

Skill      XL: |  1  2 |
---------------+-------+-----
Axes           | 2 |  2.7
Fighting       | |  3.7
Armour         | |  3.8
Shields        | |  3.5

Action                   || total
-------------------------++-------
Melee: War axe           ||   141
Armor: Scale mail        ||    85
Dodge: Dodged            ||    73
Block: Buckler           ||    41

Table legend: (Time is in decaauts)
 A = Elapsed time spent in this place.
 B = Non-inter-level travel time spent in this place.
 C = Inter-level travel time spent in this place.
 D = Time resting spent in this place.
 E = Time spent auto-exploring this place.
 F = Levels seen in this place.
 G = Mean time per level.
                   A        B        C        D        E       F      G
               +--------+--------+--------+--------+--------+-----+--------+
         Total |   2337 |   2251 |     86 |      0 |   1886 |   3 |  779.0 |
       Dungeon |   2337 |   2251 |     86 |      0 |   1886 |   3 |  779.0 |
               +--------+--------+--------+--------+--------+-----+--------+

Top non-repeatable levels by time:
     D:1: 1097 daAuts
     D:2: 1056 daAuts
     D:3: 183 daAuts
